Map: Baie du Roi EC

Players

Leso - Winner!

  • Race: Terran Terran
  • League: Diamond
  • Spawn Location: 5:00

Sorandom

  • Race: Zerg Zerg
  • League: Diamond
  • Spawn Location: 11:00

VOD

Have the link to the VOD?

Description

Time

  • Played on: April 9, 2019, 6:13 p.m.
  • Length: 20:08
Show
View Real Time Build Order
Export as new Build Order

Leso Terran - Winner!

Build Orders:  

Get SALT Encoding   

  12  0:00  SCV  
  13  0:12  SCV  
  14  0:20  Supply Depot  
  14  0:25  SCV  
  15  0:32  Refinery  
  15  0:42  SCV  
  16  0:46  Barracks  
  16  0:54  SCV  
  17  1:06  SCV  
  18  1:18  SCV  
  19  1:33  Orbital Command, Marine  
  19  1:36  Factory  
  20  1:41  Supply Depot  
  20  1:53  Barracks Reactor  
  20  2:00  SCV  
  21  2:12  SCV  
  22  2:24  SCV  
  22  2:26  Supply Depot  
  23  2:36  SCV, Hellion  
  23  2:37  Hellion  
  28  2:40  Command Center  
  28  2:41  Barracks Tech Lab  
  28  2:48  SCV  
  29  2:58  Hellion x2  
  33  3:00  SCV  
  34  3:12  Marine  
  34  3:13  SCV, Stimpack  
  34  3:15  Supply Depot  
  36  3:25  SCV  
  37  3:37  SCV  
  38  3:43  Barracks  
  38  3:44  Barracks, Marine  
  39  3:49  SCV  
  39  3:50  Factory Tech Lab, Bunker  
  40  3:55  Orbital Command  
  40  4:02  SCV, Marine  
  42  4:14  SCV, Siege Tank  
  46  4:22  Supply Depot, Orbital Command  
  46  4:36  Supply Depot, SCV  
  47  4:42  Marine  
  47  4:44  Barracks Reactor  
  48  4:46  Siege Tank  
  48  4:48  Engineering Bay  
  48  4:50  SCV  
  48  4:51  SCV, Engineering Bay, Refinery  
  53  4:56  Marine x2  
  55  5:03  SCV x2  
  49  5:13  Refinery  
  49  5:15  SCV x2, Marine x2  
  49  5:16  Combat Shield, Marine  
  54  5:27  SCV x2  
  56  5:32  Marine x2  
  58  5:36  Supply Depot, Terran Infantry Weapons Level 1  
  58  5:38  Supply Depot  
  58  5:39  SCV x2  
  60  5:45  Marine x2  
  60  5:46  Refinery  
  62  5:52  Terran Infantry Armor Level 1, Marine  
  62  5:53  Marine  
  62  5:54  SCV x2  
  66  6:00  Missile Turret  
  66  6:03  Missile Turret  
  66  6:04  Marine  
  66  6:06  SCV  
  66  6:10  SCV  
  69  6:12  Starport  
  69  6:14  Marine x2  
  69  6:18  SCV  
  72  6:22  SCV  
  73  6:27  Marine x2  
  73  6:28  Marine  
  73  6:30  SCV  
  73  6:31  Supply Depot  
  77  6:34  SCV  
  77  6:38  Siege Tank  
  83  6:42  SCV  
  83  6:46  SCV  
  83  6:47  Barracks Reactor  
  83  6:48  Supply Depot  
  83  6:49  Marine x2  
  83  6:52  Marine  
  86  6:54  Medivac x2, SCV  
  86  6:58  SCV  
  92  7:06  SCV  
  92  7:07  Marine  
  93  7:09  Armory  
  93  7:11  SCV  
  93  7:14  Supply Depot x2  
  94  7:18  SCV  
  95  7:23  SCV  
  95  7:24  Medivac x2  
  95  7:27  Command Center  
  100  7:38  Marine x2  
  100  7:39  Marine x3  
  105  7:56  Barracks, Marine x3  
  105  7:57  Barracks  
  108  7:59  Barracks  
  108  8:03  SCV x2  
  110  8:06  Terran Infantry Weapons Level 2, Terran Infantry Armor Level 2  
  110  8:08  Terran Vehicle Weapons Level 1  
  110  8:17  Medivac x2, Supply Depot  
  114  8:21  Marine x3  
  98  8:54  Marine x2  
  98  8:55  Marine  
  103  8:57  Barracks Reactor x3  
  103  8:58  Medivac, Siege Tank  
  102  9:08  SCV  
  98  9:17  Marine x2  
  98  9:19  Marine x2  
  98  9:20  Refinery, Marine  
  98  9:22  Command Center  
  98  9:23  Refinery  
  101  9:31  Missile Turret  
  101  9:35  Marine x2  
  101  9:37  Marine x4  
  101  9:38  Marine  
  104  9:45  Command Center, Orbital Command  
  104  9:47  Marine x3  
  104  9:48  Siege Tank  
  108  9:54  Factory  
  108  9:56  SCV  
  108  9:57  Supply Depot x2, SCV  
  108  9:58  Supply Depot  
  107  10:00  Supply Depot  
  107  10:05  Marine x3  
  107  10:06  Marine x2  
  112  10:07  Medivac  
  114  10:19  Missile Turret  
  114  10:23  SCV, Missile Turret  
  114  10:24  Missile Turret  
  114  10:27  Marine x6  
  114  10:28  Marine  
  122  10:29  SCV  
  122  10:32  Marine  
  122  10:33  Marine x2  
  126  10:37  Factory Tech Lab  
  126  10:40  SCV  
  124  10:50  Marine x2  
  124  10:51  Marine  
  124  10:56  Marine  
  124  10:57  Marine  
  122  11:01  Marine x4  
  122  11:03  Marine x2  
  123  11:08  Orbital Command, Marine  
  124  11:22  Marine x9  
  124  11:23  Siege Tank x2  
  124  11:24  Medivac  
  141  11:35  Terran Infantry Armor Level 3, Terran Infantry Weapons Level 3, Refinery  
  141  11:36  Refinery  
  137  11:54  Marine x4  
  137  11:55  Siege Tank  
  144  12:04  Marine  
  144  12:05  Marine x5  
  144  12:06  Siege Tank  
  153  12:22  Marine x2  
  140  12:27  Siege Tank, Marine x3  
  137  12:33  Marine x3  
  137  12:34  Marine x2  
  131  12:37  Marine  
  131  12:38  SCV x2, Siege Tank  
  131  12:39  Marine  
  138  12:44  Terran Vehicle Weapons Level 2  
  132  13:17  Marine x6  
  132  13:18  Marine  
  136  13:21  Marine x2  
  136  13:22  Marine x2  
  136  13:23  Siege Tank x2  
  136  13:26  Refinery  
  145  13:29  Missile Turret  
  145  13:31  Missile Turret  
  145  13:32  Missile Turret  
  145  13:35  Marine x3  
  148  13:45  Missile Turret, Planetary Fortress  
  148  13:47  Missile Turret  
  148  13:50  Missile Turret x2  
  148  13:51  Medivac x2  
  148  13:52  Marine x3  
  148  13:55  Siege Tank  
  158  13:56  SCV x2  
  158  13:58  Refinery  
  158  14:01  Siege Tank, Marine x4  
  121  14:30  Marine x2  
  121  14:31  Marine x3  
  122  14:34  Marine x6  
  122  14:35  Thor x2  
  131  14:41  Refinery  
  131  14:42  SCV x2  
  133  14:50  Marine x5  
  133  14:52  Medivac x2, Marine x3  
  145  15:05  Marine x2  
  147  15:11  SCV  
  148  15:15  SCV x3  
  148  15:18  Siege Tank x2  
  148  15:19  Command Center  
  155  15:22  Medivac  
  155  15:23  SCV  
  155  15:27  SCV x3  
  161  15:44  Marine  
  161  15:46  Marine x4  
  161  15:47  Marine x3  
  142  16:02  Marine x4  
  142  16:04  Medivac x2, Marine x5  
  128  16:05  Thor x2, Marine  
  128  16:06  Marine  
  138  16:19  Marine  
  138  16:23  Marine x8  
  138  16:24  Marine x2  
  149  16:34  Medivac  
  149  16:35  SCV x4  
  149  16:37  Marine  
  156  16:40  Marine  
  156  16:41  Marine x3  
  156  16:43  Command Center, Marine  
  156  16:44  Marine  
  162  16:47  SCV  
  162  16:53  SCV x2  
  165  16:54  Missile Turret  
  165  16:57  Missile Turret  
  165  17:01  Terran Vehicle Weapons Level 3  
  165  17:28  Marine  
  165  17:29  Marine x10  
  170  17:30  Siege Tank x2  
  169  17:46  Marine x2  
  169  17:49  Marine x8  
  180  17:52  Planetary Fortress  
  144  18:01  Thor  
  144  18:02  Thor  
  144  18:04  Marine x2  
  149  18:06  Marine  
  149  18:07  Marine x5  
  149  18:08  Medivac x2  
  154  18:30  Marauder  
  156  18:38  Medivac  
  156  18:41  Barracks x2  
  158  18:43  Barracks  
  158  18:45  SCV x3, Siege Tank x2, Marine  
  158  18:46  Marine x5  
  173  18:51  Marauder  
  148  19:15  Command Center  
  148  19:16  SCV x3  
  148  19:17  SCV x2, Command Center  
  153  19:27  Marine x3  
  153  19:28  Marine x5  
  153  19:30  Barracks Tech Lab x2  
  161  19:31  Barracks Tech Lab  
  161  19:33  Marine x3  
  161  19:34  Barracks  
  161  19:37  Missile Turret x2  
Show
View Real Time Build Order
Export as new Build Order

Sorandom Zerg 

Build Orders: Pool First, Muta Ling Bane 

Get SALT Encoding   

  12  0:02  Drone  
  13  0:12  Overlord  
  13  0:18  Drone  
  14  0:31  Drone x2  
  14  0:34  Drone  
  17  0:47  Spawning Pool  
  16  0:50  Extractor  
  16  0:51  Drone  
  16  1:02  Drone  
  17  1:21  Hatchery  
  17  1:22  Drone  
  17  1:26  Drone  
  17  1:31  Drone  
  19  1:39  Overlord  
  19  1:50  Zergling x2  
  19  1:51  Metabolic Boost  
  20  2:02  Queen  
  20  2:06  Zergling x2  
  23  2:12  Drone  
  24  2:22  Drone  
  25  2:32  Queen  
  27  2:37  Queen  
  27  2:40  Drone x2  
  31  2:46  Overlord  
  31  2:55  Zergling x2  
  31  2:56  Zergling x4  
  34  3:10  Zergling x4  
  36  3:18  Baneling Nest  
  35  3:21  Zergling x4  
  37  3:27  Drone  
  37  3:28  Drone  
  39  3:35  Drone x3  
  39  3:40  Zergling x2  
  43  3:56  Zergling x2  
  43  3:57  Overlord x4  
  44  4:02  Overlord  
  44  4:13  Overlord  
  44  4:23  Drone x7  
  51  4:29  Zergling x2  
  48  4:35  Drone  
  49  4:39  Lair  
  49  4:42  Zergling x4  
  51  4:59  Drone x3  
  53  5:00  Drone x2  
  53  5:11  Drone x2  
  55  5:14  Spore Crawler  
  55  5:16  Hatchery  
  55  5:19  Extractor x2  
  55  5:20  Extractor  
  50  5:22  Drone x3, Spore Crawler  
  50  5:23  Drone x3  
  50  5:26  Drone x2  
  57  5:38  Drone x2  
  59  5:50  Spire  
  59  5:52  Queen x2  
  59  5:53  Zergling x2  
  59  5:54  Zergling x4  
  59  5:55  Zergling x2  
  66  6:03  Zergling x8  
  70  6:07  Zergling x2  
  71  6:21  Drone x8  
  79  6:37  Drone x3  
  82  6:40  Drone  
  82  6:41  Drone  
  84  6:47  Spore Crawler  
  84  6:49  Overseer  
  84  6:52  Drone  
  84  6:53  Centrifical Hooks, Drone x5  
  89  6:59  Evolution Chamber  
  89  7:00  Drone x2  
  90  7:02  Evolution Chamber  
  90  7:08  Extractor  
  88  7:09  Zergling x8  
  88  7:10  Overlord  
  88  7:14  Zergling x2  
  93  7:15  Zergling x2  
  93  7:16  Zergling x4  
  93  7:18  Zerg Flyer Weapons Level 1  
  93  7:19  Mutalisk  
  98  7:25  Zerg Ground Armor Level 1  
  98  7:32  Extractor  
  98  7:33  Zergling x10  
  98  7:35  Baneling x4  
  98  7:36  Baneling x11  
  102  7:37  Zerg Melee Weapons Level 1  
  102  7:38  Zergling x2  
  103  7:48  Overlord x4  
  99  8:06  Zergling x18  
  108  8:21  Zergling x2  
  108  8:22  Zergling x10  
  108  8:26  Zergling x2  
  115  8:32  Zergling x2, Mutalisk  
  115  8:33  Mutalisk x5  
  113  8:43  Zergling x10  
  113  8:45  Burrow  
  95  8:53  Mutalisk  
  95  8:54  Mutalisk x2  
  93  9:00  Zergling x2  
  89  9:07  Mutalisk x4  
  97  9:15  Mutalisk x4  
  99  9:21  Mutalisk  
  100  9:28  Drone x3  
  104  9:45  Drone  
  104  9:47  Zergling x18  
  113  9:55  Drone  
  113  9:57  Drone  
  115  10:02  Hatchery  
  115  10:03  Zerg Flyer Weapons Level 2  
  115  10:04  Zerg Melee Weapons Level 2  
  115  10:06  Zerg Ground Armor Level 2  
  114  10:12  Infestation Pit, Drone x3  
  116  10:16  Drone x2  
  118  10:27  Hatchery  
  117  10:33  Drone x5  
  122  10:39  Overlord x5, Mutalisk  
  120  11:04  Mutalisk x7  
  120  11:05  Overlord  
  134  11:15  Mutalisk x2  
  138  11:24  Mutalisk  
  140  11:26  Drone x4  
  144  11:33  Zergling x6, Hive  
  144  11:36  Extractor  
  144  11:37  Drone  
  144  11:38  Extractor, Drone  
  147  11:45  Zergling x6  
  144  11:54  Zergling x10  
  144  11:56  Baneling x9  
  144  11:57  Zergling x2  
  144  12:11  Zergling x16  
  144  12:12  Zergling x8  
  148  12:21  Zergling x8  
  130  12:25  Zergling x2  
  130  12:26  Zergling x4  
  113  12:30  Zerg Flyer Armor Level 1  
  111  12:38  Mutalisk x5  
  121  12:46  Extractor  
  121  12:48  Extractor, Queen x4  
  126  12:56  Zergling x2  
  126  12:57  Zergling x12  
  129  12:59  Baneling  
  129  13:00  Baneling x17  
  129  13:01  Zergling x2  
  129  13:02  Hatchery  
  129  13:09  Mutalisk  
  129  13:11  Zergling x6  
  134  13:18  Zergling x6  
  127  13:31  Zergling x2  
  127  13:32  Zergling x14  
  133  13:40  Drone x3  
  136  13:43  Zergling x2  
  137  13:54  Zergling x8  
  141  14:05  Drone x6  
  147  14:11  Zergling x10  
  138  14:19  Zergling x8  
  112  14:27  Zergling x6  
  112  14:28  Zergling x2  
  112  14:30  Zergling x2  
  113  14:31  Baneling  
  113  14:32  Baneling x5  
  113  14:37  Zergling x2  
  113  14:38  Zergling x16  
  122  14:42  Mutalisk x4  
  122  14:44  Drone  
  131  15:00  Mutalisk x5, Hatchery  
  141  15:07  Zergling x6, Spore Crawler  
  141  15:11  Zerg Melee Weapons Level 3  
  128  15:23  Zergling x6  
  128  15:24  Zergling x12  
  128  15:28  Baneling x13  
  137  15:29  Baneling x12  
  137  15:31  Zergling x8  
  141  15:44  Mutalisk  
  141  15:46  Zergling x18  
  141  15:49  Zergling x2  
  153  15:56  Zergling x6  
  128  16:03  Zergling x4  
  125  16:12  Mutalisk x3  
  125  16:14  Drone x9  
  125  16:16  Drone  
  135  16:26  Zergling x8  
  137  16:32  Ultralisk Cavern  
  137  16:36  Drone x7  
  143  16:42  Hatchery, Drone x2  
  144  16:48  Baneling x12  
  144  16:49  Zergling x10  
  149  17:00  Overlord x2  
  149  17:01  Zergling x2, Overlord  
  149  17:02  Zergling x12  
  156  17:12  Zergling x10  
  161  17:20  Zergling x2  
  161  17:21  Zergling x4  
  150  17:32  Zergling x2  
  150  17:34  Ultralisk x3  
  150  17:35  Ultralisk  
  170  17:42  Zergling x16  
  173  17:56  Zergling x2  
  173  17:57  Zergling x12  
  173  17:58  Mutalisk  
  147  18:04  Zergling x2  
  147  18:05  Baneling x7  
  138  18:06  Zergling x2, Baneling x3  
  139  18:17  Adrenal Glands  
  139  18:19  Zergling x8  
  143  18:30  Spore Crawler  
  143  18:32  Extractor  
  143  18:34  Drone x13  
  154  18:44  Zergling x2  
  154  18:45  Zergling x8  
  148  18:58  Zergling x22  
  148  19:01  Zergling x2  
  126  19:06  Baneling x6  
  114  19:15  Zergling x2  
  114  19:16  Zergling x8  
  119  19:19  Zergling x8  
  125  19:24  Ultralisk  
  125  19:28  Zergling x2  
  125  19:29  Zergling x4  
Tags
 
Composition
Muta Ling Bane
Matchup
TvZ
Opening
Pool First
Replay Pack
Pack 2
Spawn Locations
Cross Positions
Add a new tag
Caveats
  • Supply blocks, unpowered buildings, or Contaminate may cause inaccurate times.
  • Supply counts are checked every 10 seconds.